 Dungeon Crawl Stone Soup version 0.28-a0-751-gef3a642a4e (webtiles) character file.

Game seed: 16081221667736579119

87 Woods the Insei (level 4, -6/34 HPs)
             Began as a Djinni Transmuter on Oct 30, 2021.
             Splashed by a jelly's acid (11 damage)
             ... on level 3 of the Dungeon.
             The game lasted 00:02:22 (2735 turns).

Woods the Insei (Djinni Transmuter)                 Turns: 2735, Time: 00:02:23

Health: -6/34      AC: -5    Str:  9    XL:     4   Next: 80%
Gold:   37         EV: 12    Int: 16    God:
                   SH:  0    Dex: 13

rFire   + + .      SeeInvis .     - Unarmed
rCold   x . .      Faith    .   (no shield)
rNeg    . . .      Spirit   .   a - +0 robe
rPois   ∞          Reflect  .   (no helmet)
rElec   .          Harm     .   (no cloak)
rCorr   .          Rampage  .   n - +0 pair of gloves
Will    .....                   (boots unavailable)
Stlth   +.........              (no amulet)
HPRegen 0.11/turn               (no ring)
MPRegen 0.00/turn               (no ring)

@: corroded, flying
A: sickness immunity, fire resistance 2, cold vulnerability 1, float, innate
caster, hp casting, extra vitality 1
a: no special abilities


You were on level 3 of the Dungeon.
You visited 1 branch of the dungeon, and saw 4 of its levels.

You collected 37 gold pieces.

Inventory:

Armour
 a - a +0 robe (worn)
 n - a +0 pair of gloves (worn)
Scrolls
 c - a scroll of magic mapping {unknown}
 d - 2 scrolls of identify {unknown}
 g - a scroll of teleportation {unknown}
 h - a scroll of fear {unknown}
 i - a scroll of noise {unknown}
 k - a scroll of enchant weapon {unknown}
 l - a scroll of brand weapon {unknown}
 m - 2 scrolls of blinking {unknown}
Potions
 b - 2 potions of attraction {unknown}
 e - 2 potions of mutation {unknown}
 f - a potion of curing {unknown}
 j - a potion of ambrosia {unknown}


   Skills:
 + Level 2.9 Fighting
 - Level 2.1 Dodging
 + Level 4.3 Unarmed Combat
 - Level 1.5 Spellcasting


You couldn't memorise any spells.
You knew the following spells:

 Your Spells              Type           Power      Damage    Failure   Level
a - Beastly Appendage     Tmut           12%        N/A       12%         1
b - Wereblood             Tmut           6%         N/A       17%         2
c - Spider Form           Tmut/Pois      3%         N/A       34%         3
d - Ice Form              Ice/Tmut       6%         N/A       75%         4
e - Slow                  Hex            24%        N/A       12%         1
Your spell library was empty.

Dungeon Overview and Level Annotations

Branches:
Dungeon (4/15)
 Temple: D:4-7

Altars:
Trog


Innate Abilities, Weirdness & Mutations

You are immune to sickness and miasma.
You are immune to poison.
Your flesh is very heat resistant. (rF++)
You are vulnerable to cold. (rC-)
You float through the air rather than walking.
You learn spells naturally, not from books.
Your magical power is your life essence.
You have superior vitality. (+4 HP)


Message History

Done exploring.
Done exploring.
You reach down and open the door.
There is an open door here.
There is a stone staircase leading down here.
You fly downwards.
Found a metallic sapphire potion, 23 arrows and 12 gold pieces.
There is a stone staircase leading up here.
A jelly is nearby!
Casting: Beastly Appendage (safe; 12% risk of failure)
Confirm with . or Enter, or press ? or * to list all spells.
You grow a pair of large bovine horns.
Found an inky potion.
Your transformation is almost over.
The jelly quivers.
You hit the jelly.
Your hands burn!
The jelly is lightly wounded.
You hit the jelly.
Your hands burn!
The jelly is lightly wounded.
The jelly hits you.
You are splashed with acid!
You barely miss the jelly.
The jelly is lightly wounded.
The jelly closely misses you.
You hit the jelly.
Your hands burn!
The jelly is moderately wounded.
The jelly hits you.
You are splashed with acid!
* * * LOW HITPOINT WARNING * * *
You hit the jelly but do no damage. The acid corrodes you!
Your hands burn!
* * * LOW HITPOINT WARNING * * *
The jelly is moderately wounded.
The jelly barely misses you.
Your horns disappear.
There is a stone staircase leading up here.
The jelly completely misses you.
You fly upwards.
There is a stone staircase leading down here.
The jelly hits you.
* * * LOW HITPOINT WARNING * * *
The acid corrodes you!
You are splashed with acid!
You die...

#....##########.......#####
#....'.....#..†..####.....#
#....#####.......########.##
#######..............#..#..#
#...........###.#.....#
#....^......###....#..##
#.............#..#......
#[...)J######.#..######.
#.....>@..# #.#.........
#########.###.##.#######
#####.#......#
##.....#.....##
#.<...##.....#
#.....##....>#
#.....##.....#
#.)...######## ##[....#


You could see a jelly.

Vanquished Creatures
  4 adders
  A worm (D:3)
  A dart slug (D:2)
  2 endoplasms
  A giant cockroach (D:3)
  5 goblins
  4 hobgoblins
  4 jackals (D:1)
  A quokka (D:1)
  4 ball pythons
  9 bats
  5 frilled lizards
  2 kobolds
  3 rats
46 creatures vanquished.

Notes
Turn   | Place    | Note
-------+----------+-------------------------------------------
     0 | D:1      | Woods the Djinni Transmuter began the quest for the Orb.
     0 | D:1      | Reached XP level 1. HP: 17/17 MP: 0/0
   266 | D:1      | Reached XP level 2. HP: 15/22 MP: 0/0
   861 | D:1      | Reached XP level 3. HP: 19/28 MP: 0/0
   861 | D:1      | Learned a level 1 spell: Slow
  1416 | D:2      | Found a faded altar of an unknown god.
  1701 | D:2      | Found a bloodstained altar of Trog.
  1746 | D:2      | Reached skill level 4 in Unarmed Combat
  1746 | D:2      | Reached XP level 4. HP: 27/34 MP: 0/0
  2735 | D:3      | Splashed by a jelly's acid

Illustrated notes

Levels and vault maps discovered:
D:1:      dpeg_arrival_windows_large_door, layout_rooms,
          minmay_misc_feat_columns
D:2:      layout_loops_ring, basic_ecumenical_altar, basic_altar
D:3:      layout_basic, serial_shops, shop
D:4:      layout_basic, uniq_crazy_yiuf_cottage

Skill      XL: |  1  2  3 |
---------------+----------+-----
Fighting       | 2 |  2.9
Unarmed Combat | 4 |  4.3
Dodging        | |  2.1
Spellcasting   | |  1.5

Action                   |  1- 3 |  4- 6 || total
-------------------------+-------+-------++-------
Melee: Unarmed           |   120 |    46 ||   166
       Headbutt          |    17 |     5 ||    22
       Punch             |     1 |     2 ||     3
 Cast: Beastly Appendage |    22 |    10 ||    32
       Wereblood         |     1 |       ||     1
       Slow              |     1 |       ||     1
 Stab: Sleeping          |     2 |       ||     2
Armor: Robe              |    34 |     8 ||    42
Dodge: Dodged            |    93 |    28 ||   121

Table legend: (Time is in decaauts)
 A = Elapsed time spent in this place.
 B = Non-inter-level travel time spent in this place.
 C = Inter-level travel time spent in this place.
 D = Time resting spent in this place.
 E = Time spent auto-exploring this place.
 F = Levels seen in this place.
 G = Mean time per level.
                   A        B        C        D        E       F      G
               +--------+--------+--------+--------+--------+-----+--------+
         Total |   2722 |   2680 |     42 |    211 |   2025 |   4 |  680.5 |
       Dungeon |   2722 |   2680 |     42 |    211 |   2025 |   4 |  680.5 |
               +--------+--------+--------+--------+--------+-----+--------+

Top non-repeatable levels by time:
     D:2: 1193 daAuts
     D:1: 1140 daAuts
     D:3: 373 daAuts
     D:4: 15 daAuts
